 Dungeon Crawl Stone Soup version 0.32-a0-128-g77eb882913 (webtiles) character file.

Game seed: 6585607995046976171

87 Khashishi the Sneak (level 4, 0/24 HPs)
             Began as a Vine Stalker Brigand on Feb 7, 2024.
             Killed from afar by an orc wizard (4 damage)
             ... with a magic dart
             ... on level 3 of the Dungeon.
             The game lasted 00:08:56 (1220 turns).

Khashishi the Sneak (Vine Stalker Brigand)          Turns: 1220, Time: 00:08:57

Health: 0/24       AC:  7    Str: 14    XL:     4   Next: 51%
Magic:  0/5        EV: 10    Int: 11    God:
Gold:   107        SH:  0    Dex: 17    Spells: 3/3 levels left

rFire   . . .        a - +2 dagger
rCold   . . .        (no shield)
rNeg    . . .        h - +0 ring mail
rPois   .            (no helmet)
rElec   .            c - +0 cloak
rCorr   .            n - +0 pair of gloves
SInv    .            (no boots)
Will    .....        o - amulet of magic regeneration
Stlth   +            (no ring)
HPRegen 1.04/turn    (no ring)
MPRegen 0.49/turn

%: guardian spirit
@: confused, mighty
A: fangs 2, regeneration 1, magic shield, antimagic bite, no potion heal 2
a: no special abilities


You were on level 3 of the Dungeon.
You visited 1 branch of the dungeon, and saw 3 of its levels.

You collected 107 gold pieces.

Inventory:

Hand Weapons
 a - a +2 dagger (weapon)
Missiles
 d - a poisoned dart (quivered)
 e - a curare-tipped dart
 f - 6 boomerangs
Armour
 b - a +0 robe
 c - a +0 cloak (worn)
 h - a +0 ring mail (worn)
 n - a +0 pair of gloves (worn)
Jewellery
 o - an amulet of magic regeneration (around neck)
Talismans
 k - a talisman of death
 l - a flux talisman
Scrolls
 j - a scroll of torment {unknown}
 m - 3 scrolls of identify {unknown}
 p - a scroll of amnesia {unknown}
 q - a scroll of fear {unknown}
 s - a scroll of blinking {unknown}


   Skills:
 + Level 3.2 Fighting
 + Level 3.2 Short Blades
 - Level 1.7 Throwing
 - Level 0.7 Dodging
 - Level 4.8 Stealth


You had 3 spell levels left.
You didn't know any spells.
Your spell library was empty.

Dungeon Overview and Level Annotations

Branches:
Dungeon (3/15)

Altars:

Shops:
D:2 (


Innate Abilities, Weirdness & Mutations

You have extremely sharp teeth.
Your natural rate of healing is unusually fast.
When hurt, damage is shared between your health and your magic reserves.
Your bite disrupts and absorbs the magic of your enemies.
Potions cannot restore your health.


Message History

Something hits you but does no damage.
The orc wizard hits you but does no damage.
The orc misses you.
You're too confused to move!
The orc priest is no longer moving slowly.
The orc wizard hits you but does no damage.
The orc completely misses you.
You hear some strange, mumbled words.
A magic dart appears from out of thin air!
The magic dart hits you. The orc priest hits you with a +0 club.
* * * LOW HITPOINT WARNING * * *
It was a potion of curing.
Your system rejects the healing.
You feel better.
The orc wizard gestures wildly while chanting.
The orc wizard flickers and vanishes!
The orc hits you but does no damage. Something hits you but does no damage.
The orc priest closely misses you.
It was a potion of might.
You feel very mighty all of a sudden.
You hear some strange, mumbled words.
You are confused.
The orc hits you but does no damage. Something hits you but does no damage.
The orc priest hits you but does no damage.
It was a potion of magic.
Magic courses through your body. Something hits you.
The orc hits you but does no damage. Something hits you but does no damage.
The orc priest hits you but does no damage.
Something hits you but does no damage. The orc attacks as it pursues you!
The orc misses you.
The orc priest calls down the wrath of Beogh upon you.
Something writhes in agony.
You hear some strange, mumbled words.
A puff of flame appears from out of thin air!
The puff of flame hits you.
* * * LOW HITPOINT WARNING * * *
Something hits you.
* * * LOW HITPOINT WARNING * * *
The orc attacks as it pursues you! The orc barely misses you.
Something hits you but does no damage. The orc priest hits you with a +0 club.
* * * LOW HITPOINT WARNING * * *
A magic dart appears from out of thin air!
The magic dart hits you!
You die...

.. .######
.......
##..#...#
#.....(..
####......(.
##.....(...(.
##)....(.#...#
#..)..@..(....
#..)oo..######
#...{{........
##.<......>#..
##...#...##
#########


You could see an orc priest and an orc.

Vanquished Creatures
  An orc wizard (D:3)
  3 adders (D:2)
  A dart slug (D:1)
  2 orcs (D:3)
  5 endoplasms
  3 goblins (D:1)
  4 kobolds
  5 quokkas
  6 ball pythons
  3 bats
  3 frilled lizards
  2 rats (D:1)
38 creatures vanquished.

Notes
Turn   | Place    | Note
-------+----------+-------------------------------------------
     0 | D:1      | Khashishi the Vine Stalker Brigand began the quest for the
                  | Orb.
     0 | D:1      | Reached XP level 1. HP: 11/11 MP: 2/2
   138 | D:1      | Reached XP level 2. HP: 15/15 MP: 3/3
   808 | D:2      | Reached XP level 3. HP: 19/19 MP: 4/4
   954 | D:2      | Found Duskuf's Antique Weapon Shop.
  1004 | D:2      | Reached XP level 4. HP: 23/23 MP: 5/5
  1220 | D:3      | Killed from afar by an orc wizard

Illustrated notes

Levels and vault maps discovered:
D:1:      lightli_iron_boxes, layout_basic, glass_columns_c,
          minmay_misc_feat_secret_circle, minmay_tall_x
D:2:      layout_rooms, serial_shops, nicolae_shop_tiny_waterfront, st_stairs_14
D:3:      cheibrodos_pilgrimage, layout_rooms, serial_shops,
          nicolae_shop_behind_doors, nicolae_figureground_sparkle, uniq_sigmund,
          uniq_grinder

Skill      XL: |  1  2  3  4 |
---------------+-------------+-----
Fighting       | 2 3 |  3.2
Short Blades   | 2 3 |  3.2
Throwing       | |  1.7
Dodging        | |  0.7
Stealth        | |  4.8

Action                     |  1- 3 |  4- 6 || total
---------------------------+-------+-------++-------
  Melee: Dagger            |    56 |    16 ||    72
         Bite              |     9 |     3 ||    12
  Throw: Dart              |    16 |    15 ||    31
    Use: Potion            |       |     3 ||     3
   Stab: Sleeping          |     9 |     1 ||    10
 Armour: Robe              |     6 |       ||     6
         Ring mail         |    11 |    34 ||    45
  Dodge: Dodged            |    21 |    16 ||    37

Table legend: (Time is in decaauts)
 A = Elapsed time spent in this place.
 B = Non-inter-level travel time spent in this place.
 C = Inter-level travel time spent in this place.
 D = Time resting spent in this place.
 E = Time spent auto-exploring this place.
 F = Levels seen in this place.
 G = Mean time per level.
                   A        B        C        D        E       F      G
               +--------+--------+--------+--------+--------+-----+--------+
         Total |   1210 |   1120 |     90 |      0 |      4 |   3 |  403.3 |
       Dungeon |   1210 |   1120 |     90 |      0 |      4 |   3 |  403.3 |
               +--------+--------+--------+--------+--------+-----+--------+

Top non-repeatable levels by time:
     D:1: 733 daAuts
     D:2: 439 daAuts
     D:3: 37 daAuts
